 Dungeon Crawl Stone Soup version 0.30-a0-305-g026cb31310 (webtiles) character file.

Game seed: 10493474375033009511

12 Iusername the Trooper (level 2, 27/27 HPs)
             Began as a Minotaur Fighter on Oct 21, 2022.
             Quit the game on level 1 of the Dungeon.
             The game lasted 00:00:31 (313 turns).

Iusername the Trooper (Minotaur Fighter)             Turns: 313, Time: 00:00:32

Health: 27/27      AC:  7    Str: 20    XL:     2   Next: 20%
Magic:  1/1        EV:  9    Int:  5    God:
Gold:   11         SH:  4    Dex:  9    Spells: 1/1 levels left

rFire   . . .      SeeInvis .    a - +0 war axe
rCold   . . .      Faith    .    c - +0 buckler
rNeg    . . .      Spirit   .    b - +0 scale mail
rPois   .          Reflect  .    (helmet restricted)
rElec   .          Harm     .    (no cloak)
rCorr   .          Rampage  .    (no gloves)
Will    .....                    (no boots)
Stlth   ..........               (no amulet)
HPRegen 0.24/turn                (no ring)
MPRegen 0.07/turn                (no ring)

@: no status effects
A: horns 2, retaliatory headbutt
a: no special abilities


You were on level 1 of the Dungeon.
You visited 1 branch of the dungeon, and saw 1 of its levels.

You collected 11 gold pieces.

Inventory:

Hand Weapons
 a - a +0 war axe (weapon)
Armour
 b - a +0 scale mail (worn)
 c - a +0 buckler (worn)
Potions
 d - a potion of might
 e - a potion of curing {unknown}
 f - a potion of mutation {unknown}


   Skills:
 + Level 3.9 Fighting
 + Level 2.8 Axes
 + Level 3.8 Armour
 + Level 3.8 Shields


You had one spell level left.
You didn't know any spells.
Your spell library was empty.

Dungeon Overview and Level Annotations

Branches:
Dungeon (1/15)

Altars:


Innate Abilities, Weirdness & Mutations

You have a pair of horns on your head.
You reflexively headbutt those who attack you in melee.


Message History

A rat comes into view.
Found a stone staircase leading down.
A rat is nearby!
A rat is nearby!
A rat is nearby!
The rat bites you but does no damage.
A rat is nearby!
You hit the rat.
You kill the rat!
You see here a rat corpse.
Key pressed, stopping explore.
No target in view!
A bat comes into view.
The bat hits you.
A bat is nearby!
A bat is nearby!
The bat barely misses you.
A bat is nearby!
You hit the bat.
The bat is moderately wounded.
You block the bat's attack.
A bat is nearby!
A bat is nearby!
A bat is nearby!
The bat hits you but does no damage.
A bat is nearby!
You closely miss the bat.
The bat is moderately wounded.
The bat hits you but does no damage. The bat closely misses you.
The bat barely misses you.
A bat is nearby!
You closely miss the bat.
The bat is moderately wounded.
The bat hits you but does no damage. x2; The bat hits you.
The bat hits you but does no damage.
A bat is nearby!
A bat is nearby!
You slash the bat!
You kill the bat!
Are you sure you want to abandon this character and quit the game? (Confirm with "yes".)

.##+####......#.#
.#...######.....#
#.....## #...###
.......## ##..##
........####...##
........'.......##
........#...)....#
.......##.##..##.#
#.....###.##.###@#
##...## #.##..##.#
##+## #.###.##.#
#.# #.# #.##.# #.#
#.###.##.# ##.##
#........# ##...##
#####.#### #.....#
#.# ##...### #.#


There were no monsters in sight!

Vanquished Creatures
  3 bats (D:1)
  An endoplasm (D:1)
  3 jackals (D:1)
  A frilled lizard (D:1)
  3 rats (D:1)
11 creatures vanquished.

Notes
Turn   | Place    | Note
-------+----------+-------------------------------------------
     0 | D:1      | Iusername the Minotaur Fighter began the quest for the Orb.
     0 | D:1      | Reached XP level 1. HP: 19/19 MP: 0/0
   154 | D:1      | Reached XP level 2. HP: 27/27 MP: 1/1
   313 | D:1      | Quit the game

Illustrated notes

Levels and vault maps discovered:
D:1:      dpeg_arrival_orchard, layout_loops_corners,
          chequers_serial_rivers_micro_d

Action                   || total
-------------------------++-------
Melee: War axe           ||    16
Armor: Scale mail        ||     8
Dodge: Dodged            ||    15
Block: Buckler           ||     5

Table legend: (Time is in decaauts)
 A = Elapsed time spent in this place.
 B = Non-inter-level travel time spent in this place.
 C = Inter-level travel time spent in this place.
 D = Time resting spent in this place.
 E = Time spent auto-exploring this place.
 F = Levels seen in this place.
 G = Mean time per level.
                   A        B        C        D        E       F      G
               +--------+--------+--------+--------+--------+-----+--------+
         Total |    319 |    319 |      0 |      0 |    267 |   1 |  319.0 |
       Dungeon |    319 |    319 |      0 |      0 |    267 |   1 |  319.0 |
               +--------+--------+--------+--------+--------+-----+--------+

Top non-repeatable levels by time:
     D:1: 319 daAuts
